 Dungeon Crawl Stone Soup version 0.31-a0-37-g98a128e1d9 (webtiles) character file.

Game seed: 7620460531671426165

928 pk666 the Magician (level 7, -3/36 HPs)
             Began as a Deep Elf Fire Elementalist on May 15, 2023.
             Was an Initiate of Vehumet.
             Slain by an orc warrior
             ... wielding a +0 mace
              (16 damage)
             ... on level 6 of the Dungeon.
             The game lasted 00:16:04 (6937 turns).

pk666 the Magician (Deep Elf Fire Elementalist)     Turns: 6937, Time: 00:16:05

Health: -3/36      AC:  3    Str:  5    XL:     7   Next: 85%
Magic:  13/27      EV: 29    Int: 22    God:    Vehumet [......]
Gold:   96         SH:  0    Dex: 15    Spells: 16/19 levels left

rFire   . . .        h - +0 dagger (elec)
rCold   . . .        (no shield)
rNeg    + . .        i - +1 robe {rN+}
rPois   .            (no helmet)
rElec   .            (no cloak)
rCorr   .            (no gloves)
SInv    .            (no boots)
Will    .....        l - amulet of the acrobat
Stlth   ++           C - ring of magical power
HPRegen 0.26/turn    v - ring of wizardry
MPRegen 0.20/turn

%: acrobat, wizardry (x1)
@: acrobatic
A: no striking features
a: Renounce Religion


You were on level 6 of the Dungeon.
You worshipped Vehumet.
Vehumet was noncommittal.
You visited 2 branches of the dungeon, and saw 7 of its levels.

You collected 422 gold pieces.
You spent 326 gold pieces at shops.

Inventory:

Hand Weapons
 h - a +0 dagger of electrocution (weapon)
Armour
 i - a +1 robe of positive energy (worn)
Jewellery
 l - an amulet of the acrobat (around neck)
 o - a +4 ring of protection
 t - a ring of protection from fire
 v - a ring of wizardry (right hand)
 C - a ring of magical power (left hand)
 E - a ring of see invisible
 G - an amulet of regeneration
Wands
 p - a wand of acid (8)
 x - a wand of roots (6)
 y - a wand of polymorph (4)
 z - a wand of digging (6)
 A - a wand of flame (11)
Scrolls
 c - 5 scrolls of identify {unknown}
 e - a scroll of immolation {unknown}
 j - 2 scrolls of teleportation {unknown}
 n - a scroll of silence {unknown}
 q - a scroll of enchant armour {unknown}
 u - a scroll of noise {unknown}
 w - a scroll of enchant weapon {unknown}
 B - a scroll of magic mapping {unknown}
 D - a scroll of brand weapon {unknown}
Potions
 a - 4 potions of curing
 b - a potion of magic
 d - a potion of brilliance
 f - 2 potions of heal wounds {unknown}
 g - 2 potions of degeneration {unknown}
 k - a potion of attraction {unknown}
 m - a potion of berserk rage {unknown}
 r - 2 potions of flight {unknown}
 s - 2 potions of lignification
 F - a potion of mutation {unknown}


   Skills:
 + Level 5.7 Dodging
 - Level 2.9 Stealth
 + Level 6.5 Spellcasting
 + Level 4.8 Conjurations
 + Level 5.9 Fire Magic


You had 16 spell levels left.
You knew the following spells:

 Your Spells              Type           Power      Damage    Failure   Level
a - Foxfire               Conj/Fire      100%       2x1d9     1%          1
b - Scorch                Fire           66%        2d8       1%          2

Your spell library contained the following spells:

 Spells                   Type           Power      Damage    Failure   Level
 Inner Flame              Hex/Fire       20%        N/A       3%          3
 Volatile Blastmotes      Fire/Tloc      40%        2d13      3%          3
 Flame Wave               Conj/Fire      30%        2d9       4%          4
 Ensorcelled Hibernation  Hex/Ice        14%        N/A       5%          2
 Spider Form              Tmut/Pois      7%         N/A       11%         3
 Vhi's Electric Charge    Tloc/Air       14%        N/A       11%         3
 Anguish                  Hex/Necr       3%         N/A       32%         4
 Animate Armour           Summ/Erth      14%        N/A       32%         4
 Manifold Assault         Tloc           7%         N/A       32%         4
 Dispersal                Tloc           3%         N/A       99%         6


Dungeon Overview and Level Annotations

Branches:
Dungeon (6/15)             Temple (1/1) D:5

Altars:
Ashenzari
Cheibriados
Elyvilon
Gozag
Hepliaklqana
Kikubaaqudgha
Nemelex Xobeh
Okawaru
Qazlal
Sif Muna
Trog
Uskayaw
Vehumet
Wu Jian
Xom
Yredelemnul
Zin
The Shining One

Shops:
D:3 !   D:4 =   D:6 [([

Annotations:
D:5 1 runed translucent door, Crazy Yiuf


Message History

The orc barely misses you.
The orc warrior hits you with a +0 mace.
Casting: Scorch (safe; 1% risk of failure)
Confirm with . or Enter, or press ? or * to list all spells.
Flames lash the orc.
You kill the orc!
Vehumet accepts your kill. The orc warrior barely misses you.
Unknown command.
Casting: Scorch (safe; 1% risk of failure)
Confirm with . or Enter, or press ? or * to list all spells.
Flames lash the orc warrior.
The orc warrior is burned terribly!
The orc warrior is severely wounded.
The orc warrior barely misses you.
Casting: Scorch (safe; 1% risk of failure)
Confirm with . or Enter, or press ? or * to list all spells.
You conjure some foxfire!
The orc warrior barely misses you.
The foxfire hits the orc warrior.
The orc warrior is burned terribly!
The orc warrior is severely wounded.
The foxfire hits the orc warrior but does no damage.
The orc warrior is severely wounded.
The orc warrior closely misses you.
Casting: Foxfire (safe; 1% risk of failure)
Confirm with . or Enter, or press ? or * to list all spells.
You conjure some foxfire!
The orc warrior closely misses you.
The foxfire hits the orc warrior but does no damage.
The orc warrior is severely wounded.
The foxfire hits the orc warrior.
The orc warrior is severely wounded.
The orc warrior misses you.
Casting: Foxfire (safe; 1% risk of failure)
Confirm with . or Enter, or press ? or * to list all spells.
You conjure some foxfire!
The orc warrior hits you with a +0 mace!
The foxfire hits the orc warrior but does no damage.
The orc warrior is severely wounded.
The foxfire hits the orc warrior but does no damage.
The orc warrior is severely wounded.
The orc warrior hits you with a +0 mace!
You die...

##..#### ....###
#.....#### .......
##........####)......
#..###...............
##..# ###.........###
#..## ##[......### ##..##
##.......##
#....####..))o...##
##...........@.....#
#.............ยง....#
####.....................
.........................
####......................
# ###...............##...
##..............# ##
##............##
##.....##...


You could see an orc warrior (combustible).

Vanquished Creatures
  A steam dragon (D:5)
  A black bear (D:4)
  A howler monkey (D:5)
  2 hounds
  2 orc priests (D:5)
  2 jellies (D:4)
  A sleepcap (D:5)
  An iguana (D:4)
  8 orc wizards
  4 adders
  5 gnolls
  A shadow imp (D:5)
  A worm (D:3)
  5 dart slugs
  16 orcs
  7 ball pythons
  5 bats
  17 endoplasms
  5 giant cockroaches
  8 goblins
  7 hobgoblins
  4 jackals (D:4)
  23 kobolds
  5 quokkas
  3 frilled lizards
  7 rats
142 creatures vanquished.

Vanquished Creatures (others)
  444 foxfires
444 creatures vanquished.

Grand Total: 586 creatures vanquished

Notes
Turn   | Place    | Note
-------+----------+-------------------------------------------
     0 | D:1      | pk666 the Deep Elf Fire Elementalist began the quest for
                  | the Orb.
     0 | D:1      | Reached XP level 1. HP: 10/10 MP: 6/6
   316 | D:1      | Reached XP level 2. HP: 15/15 MP: 6/8
   331 | D:1      | Learned a level 2 spell: Scorch
  1241 | D:1      | Got the Compilation of the Boggart and Shifting
  1359 | D:2      | Reached XP level 3. HP: 19/19 MP: 7/9
  2300 | D:3      | Reached XP level 4. HP: 24/24 MP: 6/11
  2396 | D:3      | Found Beoffiu's Distillery.
  2400 | D:3      | Bought a potion of curing for 33 gold pieces
  2618 | D:3      | Reached skill level 4 in Spellcasting
  3075 | D:3      | Found an ancient bone altar of Kikubaaqudgha.
  3082 | D:3      | Found a hide-covered altar of Uskayaw.
  3087 | D:3      | Found a shimmering blue altar of Sif Muna.
  3109 | D:3      | Reached XP level 5. HP: 28/28 MP: 11/13
  3822 | D:3      | Bought a potion of lignification for 33 gold pieces
  4147 | D:4      | Found Cosedug's Jewellery Shop.
  4338 | D:4      | Noticed a black bear
  4347 | D:4      | Killed a black bear
  4348 | D:4      | Reached skill level 5 in Spellcasting
  4348 | D:4      | Reached XP level 6. HP: 30/32 MP: 6/15
  4420 | D:4      | Found a bloodstained altar of Trog.
  4784 | D:4      | Found a white marble altar of Elyvilon.
  5327 | D:4      | Bought a ring of magical power for 260 gold pieces
  5398 | D:5      | Entered Level 5 of the Dungeon
  5424 | D:5      | Found a staircase to the Ecumenical Temple.
  5436 | D:5      | Noticed a steam dragon
  5451 | Temple   | Entered the Ecumenical Temple
  5561 | D:5      | Killed a steam dragon
  5562 | D:5      | Reached skill level 5 in Fire Magic
  5562 | D:5      | Reached XP level 7. HP: 5/36 MP: 13/17
  5719 | D:5      | Reached skill level 5 in Dodging
  5930 | D:5      | Reached skill level 6 in Spellcasting
  6109 | D:5      | Found a runed translucent door.
  6110 | D:5      | Noticed Crazy Yiuf
  6205 | D:5      | Found a radiant altar of Vehumet.
  6214 | D:5      | Became a worshipper of Vehumet
  6512 | D:6      | Found Puowi's Armour Emporium.
  6512 | D:6      | Found Bomufurgheh's Antique Weapon Emporium.
  6512 | D:6      | Found Atutta's Antique Armour Emporium.
  6937 | D:6      | Slain by an orc warrior

Illustrated notes

Levels and vault maps discovered:
D:1:      shiori_arrival_maze, layout_loops_corners, minmay_misc_feat_enclosed
D:2:      layout_loops_ring
D:3:      wad_crossroads, layout_loops_corners,
          minmay_overflow_temple_star_quad, serial_shops, shop
D:4:      cheibrodos_fertilizer, layout_cave_pools, elyvilon_altar_1,
          kennysheep_mini_moat, serial_shops, shop, hex_tiny
D:5:      layout_basic, nicolae_vehumet_altar_sigil, temple_fountains,
          serial_glass, glass_columns_b, glass_columns_c, glass_columns_b,
          glass_columns_a, glass_columns_a, glass_columns_a, glass_columns_a,
          glass_columns_a, kennysheep_dice, uniq_crazy_yiuf_cottage
D:6:      layout_layer_cave, nicolae_shop_distant_corner_stores,
          grunt_ministairs_3
Temple:   nicolae_temple_godzebo

Skill      XL: |  1  2  3  4  5  6  7 |
---------------+----------------------+-----
Dodging        | 3 4 5 |  5.7
Conjurations   | 2 3 4 |  4.8
Spellcasting   | 4 5 6 |  6.5
Fire Magic     | 4 5 |  5.9
Stealth        | |  2.9

Action                     |  1- 3 |  4- 6 |  7- 9 || total
---------------------------+-------+-------+-------++-------
  Melee: Dagger            |       |     1 |       ||     1
   Cast: Foxfire           |    96 |   129 |    55 ||   280
         Scorch            |       |    36 |    16 ||    52
    Use: Potion            |       |     1 |       ||     1
 Armour: Robe              |     9 |    15 |     4 ||    28
  Dodge: Dodged            |    14 |    40 |    19 ||    73

Table legend: (Time is in decaauts)
 A = Elapsed time spent in this place.
 B = Non-inter-level travel time spent in this place.
 C = Inter-level travel time spent in this place.
 D = Time resting spent in this place.
 E = Time spent auto-exploring this place.
 F = Levels seen in this place.
 G = Mean time per level.
                   A        B        C        D        E       F      G
               +--------+--------+--------+--------+--------+-----+--------+
         Total |   6932 |   6518 |    414 |   1278 |   4159 |   7 |  990.3 |
       Dungeon |   6833 |   6435 |    398 |   1278 |   4086 |   6 | 1138.8 |
        Temple |     99 |     83 |     16 |      0 |     73 |   1 |   99.0 |
               +--------+--------+--------+--------+--------+-----+--------+

Top non-repeatable levels by time:
     D:3: 1572 daAuts
     D:4: 1546 daAuts
     D:1: 1347 daAuts
     D:5: 1081 daAuts
     D:2: 927 daAuts
     D:6: 358 daAuts
  Temple: 99 daAuts
